 Dungeon Crawl Stone Soup version 0.31.0-11-ge490571c62 (webtiles) character file.

Game seed: 17940216675700016746

239 qw the Ducker (level 5, -3/26 HPs)
             Began as a Spriggan Hunter on Feb 4, 2024.
             Incinerated by a bombardier beetle (4 damage)
             ... with a burning spray
             ... on level 4 of the Dungeon.
             The game lasted 00:00:10 (2166 turns).

qw the Ducker (Spriggan Hunter)                     Turns: 2166, Time: 00:00:10

Health: -3/26      AC:  3    Str:  7    XL:     5   Next: 79%
Magic:  0/6        EV: 24    Int: 10    God:
Gold:   132        SH:  0    Dex: 27    Spells: 4/4 levels left

rFire   . . .        a - +3 shortbow (flame)
rCold   + . .        (shield currently unavailable)
rNeg    . . .        c - +0 robe
rPois   .            (helmet restricted)
rElec   .            i - +0 cloak
rCorr   .            (gloves unavailable)
SInv    +            (boots unavailable)
Will    .....        j - amulet of guardian spirit
Stlth   +            e - +6 ring of dexterity
HPRegen 0.24/turn    l - ring of protection from cold
MPRegen 0.10/turn

%: guardian spirit
@: on fire, hasted, glowing, very quick
A: very small, no large weapons, unfitting armour, see invisible, speed 3
a: no special abilities


You were on level 4 of the Dungeon.
You visited 1 branch of the dungeon, and saw 4 of its levels.

You collected 132 gold pieces.


Innate Abilities, Weirdness & Mutations

You are very small and have problems with some larger weapons.
You are too small for most types of armour.
You have supernaturally acute eyesight. (SInv)
You cover ground extremely quickly. (Speed+++)


   Skills:
 - Level 2.1 Fighting
 + Level 5.0 Ranged Weapons
 - Level 6.7 Dodging
 - Level 1.5 Stealth


You had 4 spell levels left.
You didn't know any spells.
Your spell library was empty.

Inventory:

Hand Weapons
 a - a +3 shortbow of flaming (weapon)
Armour
 c - a +0 robe (worn)
 i - a +0 cloak (worn)
Jewellery
 e - a +6 ring of dexterity (left hand)
 j - an amulet of guardian spirit (around neck)
 l - a ring of protection from cold (right hand)
Potions
 b - a potion of enlightenment
 f - 2 potions of heal wounds
 h - a potion of curing
 n - a potion of resistance

Dungeon Overview and Level Annotations

Branches:
Dungeon (4/15)
 Temple: D:4-7

Altars:
Ru


Message History

The arrow hits the bombardier beetle but does no damage.
You shoot an arrow. The arrow hits the bombardier beetle!
The arrow burns the bombardier beetle.
The bombardier beetle is almost dead.
The bombardier beetle sprays incendiary fluid at you.
The burning spray hits you.
You are covered in liquid fire!
You shoot an arrow. The arrow hits the bombardier beetle.
The arrow burns the bombardier beetle.
You kill the bombardier beetle!
The liquid fire burns you!
Your Fighting skill increases to level 2!
You shoot an arrow. The arrow hits the endoplasm!
The arrow burns the endoplasm.
You kill the endoplasm!
The liquid fire burns you!
You are on fire!
The liquid fire burns you!
You are on fire!
The liquid fire burns you!
You are on fire!
The liquid fire burns you!
You are on fire!
The liquid fire burns you!
You are on fire!
The liquid fire burns you!
You are on fire!
The liquid fire burns you!
You are on fire!
The liquid fire burns you!
You are on fire!
The liquid fire burns you!
You are on fire!
The liquid fire burns you!
You are on fire!
The liquid fire burns you!
You are on fire!
The liquid fire burns you!
You are on fire!
The liquid fire burns you!
You die...

# #.. .##########.#.#
....).......#.#
.#...#<######.###
.....#.#........#
#....#........#.#
#....#........#.# #
#.#'##........#.##.####~
..#..#.#........@......~
####.#.#.######.##.###.~
.................# ..
####.#.#.#####..... ...
.......#.# #...#.# ###
####.###.# #...#.. ...#
#.# #...# ##### #.# ...
...


There were no monsters in sight!

Vanquished Creatures
  An ogre (D:4)
  A bombardier beetle (D:4)
  5 adders
  A dart slug (D:1)
  3 ribbon worms
  An orc (D:3)
  4 endoplasms
  2 giant cockroaches
  7 goblins
  11 hobgoblins
  4 jackals (D:2)
  3 kobolds
  2 quokkas
  9 ball pythons
  7 bats
  2 frilled lizards (D:2)
  6 rats
69 creatures vanquished.

Notes
Turn   | Place    | Note
-------+----------+-------------------------------------------
     0 | D:1      | qw the Spriggan Hunter began the quest for the Orb.
     0 | D:1      | Reached XP level 1. HP: 10/10 MP: 2/2
     0 | D:1      | 0 ||| qw: Version: 0.3-a-160-g6735b56
     0 | D:1      | 0 ||| qw: Game counter: 4470
     0 | D:1      | 0 ||| qw: Melee chars always use a shield: true
     0 | D:1      | 0 ||| qw: God list: Okawaru
     0 | D:1      | 0 ||| qw: Allow faded altars: false
     0 | D:1      | 0 ||| qw: Do Orc after clearing Dungeon:15 true
     0 | D:1      | 0 ||| qw: Do second Lair branch before Depths: true
     0 | D:1      | 0 ||| qw: Lair rune preference: random
     0 | D:1      | 0 ||| qw: Goals: Normal
     0 | D:1      | 0 ||| PLANNING D:1-11
    76 | D:1      | Reached skill level 3 in Dodging
   167 | D:1      | Reached XP level 2. HP: 14/14 MP: 3/3
   316 | D:1      | Reached skill level 4 in Dodging
   890 | D:1      | 890 ||| UPGRADING to +0 cloak.
   895 | D:1      | 895 ||| DROPPING ring of flight.
   896 | D:1      | 896 ||| READING 2 scrolls labelled GEUL NALALIA.
   897 | D:1      | 897 ||| DRINKING 2 white potions.
   898 | D:1      | 898 ||| DROPPING scroll of butterflies.
   899 | D:1      | 899 ||| DROPPING scroll of amnesia.
   995 | D:2      | Reached XP level 3. HP: 18/18 MP: 4/4
  1291 | D:2      | Reached XP level 4. HP: 19/22 MP: 5/5
  1564 | D:2      | 1564 ||| UPGRADING to amulet of guardian spirit.
  1569 | D:2      | 1569 ||| UPGRADING to +6 ring of dexterity.
  1570 | D:2      | 1570 ||| DRINKING 2 dark potions.
  1571 | D:2      | 1571 ||| DRINKING 2 cyan potions.
  1675 | D:3      | Reached skill level 5 in Dodging
  1703 | D:3      | Found a sacrificial altar of Ru.
  1706 | D:3      | 1706 ||| UPGRADING to ring of protection from cold.
  1707 | D:3      | 1707 ||| READING 2 scrolls labelled LEATWIEKUVE.
  1707 | D:3      | 1707 ||| IDENTIFYING pink potion
  1708 | D:3      | 1708 ||| READING scroll of identify.
  1708 | D:3      | 1708 ||| IDENTIFYING smoky sapphire potion
  1709 | D:3      | 1709 ||| READING 3 scrolls labelled WEHUF VIDGHUBIFEBOU.
  1710 | D:3      | 1710 ||| DRINKING 2 orange potions.
  1711 | D:3      | 1711 ||| FLEEEEING.
  1712 | D:3      | 1712 ||| FLEEEEING.
  1713 | D:3      | 1713 ||| FLEEEEING.
  1714 | D:3      | 1714 ||| FLEEEEING.
  1715 | D:3      | 1715 ||| FLEEEEING.
  1716 | D:3      | 1716 ||| FLEEEEING.
  1717 | D:3      | 1717 ||| FLEEEEING.
  1718 | D:3      | 1718 ||| FLEEEEING.
  1719 | D:3      | 1719 ||| FLEEEEING.
  1720 | D:3      | 1720 ||| FLEEEEING.
  1721 | D:3      | 1721 ||| FLEEEEING.
  1722 | D:3      | 1722 ||| FLEEEEING.
  1723 | D:3      | 1723 ||| FLEEEEING.
  1724 | D:3      | 1724 ||| FLEEEEING.
  1725 | D:3      | 1725 ||| FLEEEEING.
  1726 | D:3      | 1726 ||| FLEEEEING.
  1727 | D:3      | 1727 ||| FLEEEEING.
  1728 | D:3      | 1728 ||| FLEEEEING.
  1729 | D:3      | 1729 ||| FLEEEEING.
  1730 | D:3      | 1730 ||| FLEEEEING.
  1731 | D:3      | 1731 ||| FLEEEEING.
  1732 | D:3      | 1732 ||| FLEEEEING.
  1733 | D:3      | 1733 ||| FLEEEEING.
  1734 | D:3      | 1734 ||| FLEEEEING.
  1735 | D:3      | 1735 ||| FLEEEEING.
  1736 | D:3      | 1736 ||| FLEEEEING.
  1737 | D:3      | 1737 ||| FLEEEEING.
  1738 | D:3      | 1738 ||| FLEEEEING.
  1739 | D:3      | 1739 ||| STAIRDANCE
  1741 | D:2      | 1741 ||| FLEEEEING.
  1742 | D:2      | 1742 ||| FLEEEEING.
  1743 | D:2      | 1743 ||| FLEEEEING.
  1744 | D:2      | 1744 ||| FLEEEEING.
  1745 | D:2      | 1745 ||| FLEEEEING.
  1746 | D:2      | 1746 ||| FLEEEEING.
  1747 | D:2      | 1747 ||| FLEEEEING.
  1748 | D:2      | 1748 ||| FLEEEEING.
  1749 | D:2      | 1749 ||| FLEEEEING.
  1750 | D:2      | 1750 ||| FLEEEEING.
  1751 | D:2      | 1751 ||| FLEEEEING.
  1752 | D:2      | 1752 ||| FLEEEEING.
  1753 | D:2      | 1753 ||| FLEEEEING.
  1754 | D:2      | 1754 ||| FLEEEEING.
  1755 | D:2      | 1755 ||| FLEEEEING.
  1756 | D:2      | 1756 ||| FLEEEEING.
  1757 | D:2      | 1757 ||| FLEEEEING.
  1758 | D:2      | 1758 ||| FLEEEEING.
  1759 | D:2      | 1759 ||| FLEEEEING.
  1760 | D:2      | 1760 ||| FLEEEEING.
  1761 | D:2      | 1761 ||| FLEEEEING.
  1762 | D:2      | 1762 ||| DROPPING potion of invisibility.
  1763 | D:2      | 1763 ||| DROPPING 2 scrolls of blinking.
  1764 | D:2      | 1764 ||| DROPPING potion of berserk rage.
  2090 | D:3      | Found a faded altar of an unknown god.
  2091 | D:3      | 2091 ||| READING 3 scrolls of identify.
  2091 | D:3      | 2091 ||| IDENTIFYING lumpy puce potion
  2092 | D:3      | 2092 ||| READING 2 scrolls of identify.
  2092 | D:3      | 2092 ||| IDENTIFYING scroll labelled METU ISMOURE
  2093 | D:3      | 2093 ||| READING scroll of identify.
  2093 | D:3      | 2093 ||| IDENTIFYING scroll labelled GOIHUU GEHYAW
  2094 | D:3      | 2094 ||| READING 3 scrolls labelled CAC SUKHALIC.
  2094 | D:3      | 2094 ||| ENCHANTING +0 shortbow.
  2095 | D:3      | 2095 ||| READING 2 scrolls of enchant weapon.
  2095 | D:3      | 2095 ||| ENCHANTING +1 shortbow.
  2096 | D:3      | 2096 ||| READING scroll of enchant weapon.
  2096 | D:3      | 2096 ||| ENCHANTING +2 shortbow.
  2097 | D:3      | 2097 ||| READING scroll labelled SYEN CEOCHUENA.
  2097 | D:3      | 2097 ||| BRANDING +3 shortbow.
  2098 | D:3      | 2098 ||| DROPPING scroll of immolation.
  2099 | D:3      | 2099 ||| DROPPING scroll of poison.
  2114 | D:4      | Noticed an ogre
  2115 | D:4      | 2115 ||| DRINKING potion of haste.
  2120 | D:4      | Killed an ogre
  2121 | D:4      | Reached skill level 6 in Dodging
  2121 | D:4      | Reached XP level 5. HP: 25/25 MP: 6/6
  2162 | D:4      | HP: 6/26 [burnt (3)]
  2165 | D:4      | HP: 1/26 [burnt (2)]
  2166 | D:4      | Incinerated by a bombardier beetle

Levels and vault maps discovered:
D:1:      hellmonk_arrival_library, layout_basic, item_on_display_a
D:2:      layout_basic
D:3:      layout_basic, hangedman_ru_absence,
          hellmonk_ecumenical_altar_leap_of_faith, grunt_ministairs_1
D:4:      wander_river, layout_basic, minmay_temple_entry_arrows,
          ebering_ghost_sewer_d

Skill      XL: |  1  2  3  4  5 |
---------------+----------------+-----
Dodging        | 3 4 6 |  6.7
Ranged Weapons | 5 |  5.0
Fighting       | 2 |  2.1
Stealth        | |  1.5

Action                     |  1- 3 |  4- 6 || total
---------------------------+-------+-------++-------
   Fire: Shortbow          |   105 |    66 ||   171
    Use: Scroll            |     1 |    10 ||    11
         Potion            |     1 |     4 ||     5
 Armour: Robe              |     8 |     1 ||     9
  Dodge: Dodged            |    30 |     9 ||    39

Table legend:
 A = Non-vault XP
 B = Vault XP
 C = Vault XP percentage of total XP
 D = Non-vault monster count
 E = Vault monster count
 F = Vault count percentage of total count
                 A         B        C        D         E       F
            +---------+---------+-------+---------+---------+-------
      Total |     341 |       1 |   0.3 |      68 |       1 |   1.4
            +---------+---------+-------+---------+---------+-------
        D:1 |      38 |       0 |   0.0 |      23 |       0 |   0.0
        D:2 |      67 |       0 |   0.0 |      24 |       0 |   0.0
        D:3 |      74 |       1 |   1.3 |      18 |       1 |   5.3
        D:4 |     162 |       0 |   0.0 |       3 |       0 |   0.0
            +---------+---------+-------+---------+---------+-------
